 Dungeon Crawl Stone Soup version 0.28.0-62-gf88900778d (webtiles) character file.

Game seed: 964284591509941220

49 user425776 the Chopper (level 3, -2/34 HPs)
             Began as a Minotaur Berserker on Mar 3, 2023.
             Was a Follower of Trog.
             Slain by an iguana (12 damage)
             ... on level 3 of the Dungeon.
             The game lasted 00:04:36 (689 turns).

user425776 the Chopper (Minotaur Berserker)          Turns: 689, Time: 00:04:37

Health: -2/34      AC:  3    Str: 23    XL:     3   Next: 51%
Magic:  2/2        EV: 12    Int:  4    God:    Trog [*.....]
Gold:   8          SH:  0    Dex:  9    Spells: 2/2 levels left

rFire   . . .      SeeInvis .   j - +0 war axe
rCold   . . .      Faith    .   (no shield)
rNeg    . . .      Spirit   .   d - +0 leather armour
rPois   +          Reflect  .   (helmet restricted)
rElec   .          Harm     .   (no cloak)
rCorr   .          Rampage  .   (no gloves)
Will    .....                   (no boots)
Stlth   +.........              (no amulet)
HPRegen 0.11/turn               k - ring of poison resistance
MPRegen 0.08/turn               (no ring)

@: no status effects
A: horns 2, retaliatory headbutt
a: Renounce Religion, Berserk


You were on level 3 of the Dungeon.
You worshipped Trog.
Trog was aware of your devotion.
You visited 1 branch of the dungeon, and saw 3 of its levels.

You collected 8 gold pieces.

Inventory:

Hand Weapons
 a - a +0 hand axe
 f - a +0 mace
 j - a +0 war axe (weapon)
Missiles
 m - 8 sling bullets
Armour
 b - a +0 animal skin
 d - a +0 leather armour (worn)
Jewellery
 k - a ring of poison resistance (left hand)
Scrolls
 c - a scroll of amnesia {unknown}
 e - a scroll of magic mapping {unknown}
 h - a scroll of blinking {unknown}
 i - a scroll of teleportation {unknown}
 l - a scroll of identify {unknown}
Potions
 g - a potion of magic {unknown}


   Skills:
 + Level 4.4 Fighting
 + Level 4.5 Axes
 + Level 2.6 Armour
 + Level 2.5 Dodging
 + Level 0.1 Stealth


You had 2 spell levels left.
You didn't know any spells.
Your spell library was empty.

Dungeon Overview and Level Annotations

Branches:
Dungeon (3/15)

Altars:


Innate Abilities, Weirdness & Mutations

You have a pair of horns on your head.
You reflexively headbutt those who attack you in melee.


Message History

You see here a +0 dagger.
You see here a frilled lizard corpse.
There is an open door here.
There is a stone staircase leading down here.
An orc comes into view. It is wielding a +0 club.
The orc shouts!
Found 8 sling bullets.
The orc misses you. You furiously retaliate!
You headbutt the orc!
You kill the orc!
Trog accepts your kill.
Things that are here:
a +0 club; a +0 leather armour
Found 19 arrows.
Found 8 gold pieces.
A worm comes into view.
An iguana comes into view.
The iguana hisses angrily.
You see here 8 sling bullets.
m - 8 sling bullets
Okay, then.
Okay, then.
You hit the worm. Your headbutt misses the worm. You punch the worm.
The worm is moderately wounded.
The worm bites you!
You hit the worm.
The worm is heavily wounded.
The worm barely misses you. You furiously retaliate!
You headbutt the worm!
You kill the worm!
Trog accepts your kill.
You barely miss the iguana. You headbutt the iguana.
The iguana is lightly wounded.
The iguana closely misses you. The iguana barely misses you.
You hit the iguana but do no damage. Your headbutt misses the iguana.
The iguana is lightly wounded.
The iguana bites you!
* * * LOW HITPOINT WARNING * * *
You barely miss the iguana. You punch the iguana, but do no damage.
The iguana is lightly wounded.
The iguana bites you!
You die...

#.#
#....#...........)...#...##
#.#
#....#.....................
#†#
#....#...............#...##
#)# #....##............###
..# #.#
#....##............# .# #.#
#....##............# # #.#
#######............# #.#
#............# #.#
#....@l......# #.#
#........$...# #.#
#............# #..
+.............
#............#
...............
#.######........ #. .......


You could see an iguana.

Vanquished Creatures
  A centaur skeleton (D:3)
  2 worms
  2 orcs (D:3)
  An endoplasm (D:2)
  A giant cockroach (D:2)
  2 goblins
  A ball python (D:1)
  2 bats
  A frilled lizard (D:3)
  A rat (D:1)
14 creatures vanquished.

Notes
Turn   | Place    | Note
-------+----------+-------------------------------------------
     0 | D:1      | user425776 the Minotaur Berserker began the quest for the
                  | Orb.
     0 | D:1      | Reached XP level 1. HP: 19/19 MP: 0/0
   524 | D:2      | Reached XP level 2. HP: 13/27 MP: 1/1
   634 | D:3      | Reached XP level 3. HP: 21/34 MP: 2/2
   689 | D:3      | Slain by an iguana

Illustrated notes

Levels and vault maps discovered:
D:1:      lightli_arrival_farm, layout_basic, minmay_pentomino_q2
D:2:      layout_basic, shapermc_ecumenical_altar_acropolis, basic_altar
D:3:      layout_basic, minivault_23, corner_web_ring, uniq_robin

Skill      XL: |  1  2 |
---------------+-------+-----
Fighting       | 4 |  4.4
Axes           | 4 |  4.5
Armour         | |  2.6
Dodging        | |  2.5
Stealth        | |  0.1

Action                   || total
-------------------------++-------
Melee: Mace              ||     6
       War axe           ||    17
       Hand axe          ||     2
       Headbutt          ||     2
       Punch             ||     3
Armor: Leather armour    ||    16
Dodge: Dodged            ||    19
